 Dungeon Crawl Stone Soup version 0.23-a0-242-g2b5ca64 (webtiles) character file.

107 mandick the Shield-Bearer (level 4, -3/42 HPs)
             Began as a Naga Fighter on Sept 28, 2018.
             Was an Initiate of the Shining One.
             Slain by a sky beast (6 damage)
             ... on level 3 of the Dungeon.
             The game lasted 00:08:11 (2323 turns).

mandick the Shield-Bearer (Naga Fighter)            Turns: 2323, Time: 00:08:11

Health: -3/42      AC:  4    Str: 19    XL:     4   Next: 86%
Magic:  4/4        EV:  6    Int:  9    God:    the Shining One [......]
Gold:   130        SH:  9    Dex: 10    Spells: 3/3 levels left

rFire    . . .     SeeInvis +   a - +0 war axe
rCold    . . .     Gourm    +   c - +0 shield
rNeg     . . .     Faith    .   q - +0 scale mail
rPois    +         Spirit   .   (no helmet)
rElec    .         Reflect  .   (no cloak)
rCorr    .         Harm     .   (no gloves)
MR       .....                  (no barding)
Stlth    ..........             k - amulet of the gourmand
HPRegen  0.14/turn              (no ring)
MPRegen  0.09/turn              (no ring)

@: short of breath, glowing, very slow
A: large, see invisible, deformed body, poison resistance, slowness 2, slow
metabolism 1, spit poison 1, AC +1
a: Spit Poison, Renounce Religion


You were on level 3 of the Dungeon.
You worshipped the Shining One.
The Shining One was noncommittal.
You were not hungry.

You visited 1 branch of the dungeon, and saw 3 of its levels.

You collected 130 gold pieces.

Inventory:

Hand Weapons
 a - a +0 war axe (weapon)
 b - a +0 hunting sling
Missiles
 p - 53 stones (quivered)
 r - 16 sling bullets
Armour
 c - a +0 shield (worn)
 q - a +0 scale mail (worn)
Jewellery
 k - an amulet of the gourmand (around neck)
Scrolls
 e - a scroll of amnesia {unknown}
 g - a scroll of blinking {unknown}
 j - a scroll of teleportation {unknown}
 l - a scroll of remove curse {unknown}
 m - a scroll of fear {unknown}
 n - a scroll of immolation {unknown}
 s - a scroll of fog {unknown}
Potions
 d - a potion of might
 h - a potion of resistance {unknown}
 i - 4 potions of curing {unknown}
 o - a potion of heal wounds {unknown}
Comestibles
 f - 2 rations


   Skills:
 - Level 3.0 Fighting
 - Level 2.0 Axes
 - Level 2.4 Armour
 + Level 4.4 Shields


You had 3 spell levels left.
You didn't know any spells.
Your spell library was empty.

Dungeon Overview and Level Annotations

Branches:
Dungeon (3/15)

Altars:
The Shining One


Innate Abilities, Weirdness & Mutations

You cannot wear boots.
Your serpentine skin is tough. (AC +1)
You have supernaturally acute eyesight. (SInv)
Armour fits poorly on your strangely shaped body.
Your system is resistant to poisons. (rPois)
You cover ground very slowly.
You have a slow metabolism.
You can spit poison.


Message History

You closely miss the sky beast.
The sky beast is almost dead.
The sky beast hits you.
* * * LOW HITPOINT WARNING * * *
The sky beast shocks you.
* * * LOW HITPOINT WARNING * * *
You barely miss the sky beast.
The sky beast is almost dead.
The sky beast barely misses you.
The sky beast hits you but does no damage.
You hit the sky beast.
The sky beast is almost dead.
The sky beast barely misses you.
Press: ? - help, Shift-Dir - straight line, f - sky beast
Aim: a sky beast (rain, almost dead)
The splash of poison misses the sky beast.
You feel slightly more hungry. The sky beast hits you.
The Shining One protects you from harm! The sky beast shocks you.
You die...

r. .. ##..<....#.. ..
#.## ##.....##.# .##..#
###......#
..#..#####..#####. ..>
.# #.#...#....#####..
#.# .#
#.#...........##.#
#.##.#
...####.##.########.....
.....
.......†................
#... #
#..$###@.##.##########..
#..#.####....Y..##.##
##.. #
#..#..###...##.###..###
####..# ##.......#.. ...
##...###....##
#...#...... #...
##....÷..#.# #.....#...
....# #.....<.#.#
##.).#.# .. ......
#.......#.# .....#.#
...... #########.#
......... #.#


You could see a sky beast.

Vanquished Creatures
  4 adders
  A worm (D:2)
  A leopard gecko (D:2)
  5 orcs (D:3)
  3 giant cockroaches
  9 goblins
  4 hobgoblins
  4 jackals
  A ball python (D:2)
  4 bats
  4 frilled lizards
  11 kobolds
  10 rats
61 creatures vanquished.

Notes
Turn   | Place    | Note
-------+----------+-------------------------------------------
     0 | D:1      | mandick the Naga Fighter began the quest for the Orb.
     0 | D:1      | Reached XP level 1. HP: 21/21 MP: 1/1
   479 | D:1      | Reached XP level 2. HP: 28/28 MP: 2/2
   494 | D:1      | Reached skill level 3 in Shields
   748 | D:1      | Reached XP level 3. HP: 34/34 MP: 3/3
  1213 | D:2      | Reached XP level 4. HP: 24/42 MP: 4/4
  1371 | D:2      | Reached skill level 4 in Shields
  1676 | D:2      | Found a glowing golden altar of the Shining One.
  1701 | D:2      | Became a worshipper of the Shining One
  2300 | D:3      | Noticed a sky beast
  2323 | D:3      | The Shining One protects you from harm!
  2323 | D:3      | Slain by a sky beast

Vault maps used:
D:1:      dpeg_arrival_rooms_c, minmay_tromino_v7
D:2:      tso_metal_star
D:3:      vehumet_crystals, grunt_dithmenos_smoke, first_ration,
          lexackson_kobold_supper, uniq_terence

Skill      XL: |  1  2  3  4 |
---------------+-------------+-----
Shields        | 3 4 |  4.4
Fighting       | |  3.0
Axes           | |  2.0
Armour         | |  2.4

Action                   |  1- 3 |  4- 6 || total
-------------------------+-------+-------++-------
Melee: War axe           |   114 |    87 ||   201
 Abil: Spit Poison       |     4 |     1 ||     5
  Eat: Chunk             |     1 |     8 ||     9
Armor: Scale mail        |    60 |    37 ||    97
Dodge: Dodged            |    34 |    25 ||    59
Block: Shield            |    71 |    51 ||   122

Table legend:
 A = Non-vault XP
 B = Vault XP
 C = Vault XP percentage of total XP
 D = Non-vault monster count
 E = Vault monster count
 F = Vault count percentage of total count
                 A         B        C        D         E       F
            +---------+---------+-------+---------+---------+-------
      Total |     150 |       4 |   2.6 |      58 |       3 |   4.9
            +---------+---------+-------+---------+---------+-------
        D:1 |      30 |       4 |  11.8 |      22 |       3 |  12.0
        D:2 |      68 |       0 |   0.0 |      22 |       0 |   0.0
        D:3 |      52 |       0 |   0.0 |      14 |       0 |   0.0
            +---------+---------+-------+---------+---------+-------
